 Dungeon Crawl Stone Soup version 0.28.0-53-g5a82cb258f (webtiles) character file.

Game seed: 6022565567644078452

2466 MiltankisOP the Carver (level 9, -1/66 HPs)
             Began as a Barachi Fighter on June 15, 2022.
             Was a Follower of Okawaru.
             Slain by a troll (8 damage)
             ... on level 8 of the Dungeon.
             The game lasted 00:20:40 (7750 turns).

MiltankisOP the Carver (Barachi Fighter)            Turns: 7750, Time: 00:20:40

Health: -1/66      AC: 12    Str: 22    XL:     9   Next: 51%
Magic:  0/9        EV: 10    Int: 14    God:    Okawaru [*.....]
Gold:   299        SH:  5    Dex: 18    Spells: 8/8 levels left

rFire   . . .      SeeInvis .   H - +10 hand axe of Loys {vamp, Int+6}
rCold   . . .      Faith    .   c - +0 buckler
rNeg    . . .      Spirit   +   v - +3 ring mail
rPois   .          Reflect  .   (no helmet)
rElec   .          Harm     .   x - +0 cloak
rCorr   .          Rampage  .   l - +0 pair of gloves
Will    .....                   j - +0 pair of boots
Stlth   +.........              p - amulet of guardian spirit
HPRegen 0.21/turn               w - +6 ring of dexterity
MPRegen 0.11/turn               (no ring)

@: slow
A: amphibious, slowness 1, strong legs 1, +LOS
a: Hop, Renounce Religion, Heroism


You were on level 8 of the Dungeon.
You worshipped Okawaru.
Okawaru was aware of your devotion.
You visited 2 branches of the dungeon, and saw 9 of its levels.

You collected 299 gold pieces.

Inventory:

Hand Weapons
 a - a +0 long sword
 r - a +2 dagger of speed
 H - the +10 hand axe of Loys (weapon) {vamp, Int+6}
   (You found it on level 6 of the Dungeon)

   It occasionally heals its wielder for a portion of the damage dealt when it
   wounds a living foe.
   Int:       It affects your intelligence (+6).
Armour
 b - a +0 scale mail
 c - a +0 buckler (worn)
 j - a +0 pair of boots (worn)
 l - a +0 pair of gloves (worn)
 v - a +3 ring mail (worn)
 x - a +0 cloak (worn)
Jewellery
 p - an amulet of guardian spirit (around neck)
 w - a +6 ring of dexterity (left hand)
 B - a ring of wizardry
 F - a ring of flight
Wands
 q - a wand of iceblast (6)
 y - a wand of polymorph (7)
 E - a wand of flame (18)
Scrolls
 g - 4 scrolls of teleportation {unknown}
 h - 2 scrolls of enchant weapon {unknown}
 i - 4 scrolls of fog {unknown}
 k - 4 scrolls of noise {unknown}
 m - 5 scrolls of identify {unknown}
 u - a scroll of brand weapon {unknown}
 C - a scroll of magic mapping {unknown}
 D - a scroll of summoning {unknown}
 I - a scroll of vulnerability {unknown}
 J - a scroll of immolation {unknown}
Potions
 d - a potion of might
 e - 2 potions of degeneration {unknown}
 f - 6 potions of curing {unknown}
 n - a potion of berserk rage {unknown}
 o - 3 potions of brilliance {unknown}
 s - 3 potions of mutation {unknown}
 t - 2 potions of heal wounds {unknown}
 z - a potion of attraction {unknown}
 A - 2 potions of flight {unknown}
 G - a potion of lignification {unknown}


   Skills:
 + Level 4.4 Fighting
 - Level 14.0 Long Blades
 - Level 4.0 Axes
 - Level 3.6 Armour
 - Level 3.2 Shields


You had 8 spell levels left.
You didn't know any spells.
Your spell library contained the following spells:

 Spells                   Type           Power      Damage    Failure   Level
 Beastly Appendage        Tmut           0%         N/A       52%         1
 Shock                    Conj/Air       0%         1d3       52%         1
 Static Discharge         Conj/Air       0%         N/A       67%         2
 Wereblood                Tmut           0%         N/A       67%         2
 Dazzling Flash           Conj/Hex       0%         N/A       88%         3
 Spider Form              Tmut/Pois      0%         N/A       88%         3
 Swiftness                Air            0%         N/A       88%         3
 Airstrike                Air            0%         N/A       99%         4
 Dispel Undead            Necr           0%         3d6       99%         4
 Iskenderun's Mystic Bla  Conj/Tloc      0%         2d3       99%         4
 Sticky Flame             Conj/Fire      0%         2d3       99%         4
 Conjure Ball Lightning   Conj/Air       0%         3x3d6     100%        6
 Starburst                Conj/Fire      0%         6d3       100%        6
 Discord                  Hex            0%         N/A       100%        8
 Disjunction              Tloc           0%         N/A       100%        8


Dungeon Overview and Level Annotations

Branches:
Dungeon (8/15)             Temple (1/1) D:6
   Lair: D:8-11

Altars:
Ashenzari
Cheibriados
Dithmenos
Elyvilon
Fedhas
Hepliaklqana
Kikubaaqudgha
Makhleb
Nemelex Xobeh
Okawaru
Qazlal
Ru
Sif Muna
Trog
Uskayaw
Vehumet
Wu Jian
Xom
Yredelemnul
Zin
The Shining One

Shops:
D:1 !   D:5 (

Annotations:
D:5 2 transporters, Caestello's ghost, novice GnWn


Innate Abilities, Weirdness & Mutations

You are amphibious.
You cover ground slowly.
You can hop short distances.
You have an extended range of vision and can be seen from far away.


Message History

You hit the bullfrog.
The bullfrog is severely wounded.
The bullfrog hits you. The bullfrog closely misses you.
You slash the bullfrog!
You kill the bullfrog!
Okawaru accepts your kill.
No target in view!
No target in view!
No target in view!
No target in view!
No target in view!
No target in view!
A two-headed ogre is nearby!
Found 10 gold pieces and a There-And-Back Book.
The two-headed ogre hits you with a +3 dire flail!
The two-headed ogre hits you with a +0 giant spiked club!
You see here a bullfrog corpse.
You hit the two-headed ogre.
The two-headed ogre is lightly wounded.
You barely miss the two-headed ogre.
The two-headed ogre is lightly wounded.
The two-headed ogre hits you with a +3 dire flail!
The two-headed ogre hits you with a +0 giant spiked club!!
You slash the two-headed ogre!
The two-headed ogre is moderately wounded.
The two-headed ogre hits you with a +3 dire flail!
* * * LOW HITPOINT WARNING * * *
The two-headed ogre hits you with a +0 giant spiked club!
* * * LOW HITPOINT WARNING * * *
You block the two-headed ogre's attack. x2
Aiming: Polymorph
Press: ? - help, Q - select action, (/) - cycle Shift-Dir - straight line, f - two-headed ogre
Aim: a two-headed ogre, wielding a +3 dire flail and a +0 giant spiked club (moderately wounded, will become a troll, a scorpion, or a fire crab, chance to affect: 31%)
The two-headed ogre evaporates and reforms as a troll!
You hit the troll.
The troll is lightly wounded.
The troll bites you.
* * * LOW HITPOINT WARNING * * *
The troll claws you!
You die...

#........... #.[.........
..##### #####..........
#......####.........<#...
#......#############
.####...#### #..........#
.....#####.# .##. ###@†.#
# #.T.### #†###
...$.....# ........##
........ .......# ..$....
...!...


You could see a troll.

Vanquished Creatures
  2 water moccasins
  2 sky beasts
  2 black bears
  An ogre (D:6)
  3 necrophages
  3 bullfrogs
  A kobold brigand (D:7)
  2 scorpions
  8 killer bees (D:7)
  A howler monkey (D:6)
  A centaur zombie (D:5)
  A centaur skeleton (D:7)
  3 hounds
  An orc priest (D:4)
  A jelly (D:7)
  A bullfrog skeleton (D:5)
  A gnoll shaman (D:7)
  5 iguanas
  Terence (D:3)
  An orc wizard (D:7)
  Ijyb (D:3)
  A scorpion zombie (D:5)
  2 hound skeletons (D:4)
  A howler monkey zombie (D:6)
  4 gnolls (D:7)
  10 adders
  A howler monkey skeleton (D:7)
  3 worms
  2 dart slugs
  13 orcs
  5 ball pythons
  10 bats
  6 endoplasms
  15 giant cockroaches
  5 goblins
  4 hobgoblins
  12 kobolds
  4 quokkas
  5 frilled lizards
  6 rats
151 creatures vanquished.

Vanquished Creatures (others)
  6 plants (D:5)
6 creatures vanquished.

Grand Total: 157 creatures vanquished

Notes
Turn   | Place    | Note
-------+----------+-------------------------------------------
     0 | D:1      | MiltankisOP the Barachi Fighter began the quest for the
                  | Orb.
     0 | D:1      | Reached XP level 1. HP: 18/18 MP: 1/1
    30 | D:1      | Found a faded altar of an unknown god.
    63 | D:1      | Found Isaniob's Distillery.
   241 | D:1      | Reached skill level 3 in Long Blades
   274 | D:1      | Reached XP level 2. HP: 24/24 MP: 2/2
   488 | D:1      | Reached skill level 4 in Long Blades
   768 | D:2      | Reached XP level 3. HP: 29/29 MP: 3/3
  1144 | D:2      | Reached skill level 5 in Long Blades
  1223 | D:2      | Reached XP level 4. HP: 36/36 MP: 4/4
  1423 | D:3      | Noticed Ijyb
  1433 | D:3      | Killed Ijyb
  1546 | D:3      | Reached skill level 6 in Long Blades
  1592 | D:3      | Reached XP level 5. HP: 39/41 MP: 5/5
  1763 | D:3      | Noticed Terence
  1807 | D:3      | Killed Terence
  2501 | D:3      | Reached skill level 7 in Long Blades
  2775 | D:4      | Reached XP level 6. HP: 38/47 MP: 6/6
  2845 | D:4      | Noticed a necrophage
  2886 | D:4      | Killed a necrophage
  2887 | D:4      | Reached skill level 8 in Long Blades
  3653 | D:5      | Entered Level 5 of the Dungeon
  3684 | D:5      | Reached skill level 9 in Long Blades
  3684 | D:5      | Reached XP level 7. HP: 51/52 MP: 5/7
  3716 | D:5      | Found a sparkling altar of Nemelex Xobeh.
  3812 | D:5      | Found a transporter.
  3814 | D:5      | Identified the +10 spear "Qeluogog" {pain, *Noise rN+ MP+9}
  3814 | D:5      | Identified the +1 buckler of the Hot Ocelot {Int+3}
  3870 | D:5      | Noticed Caestello's ghost (novice GnWn)
  3994 | D:5      | Found a transporter.
  4006 | D:5      | Found Qask's Antique Weapon Shop.
  4101 | D:5      | Reached skill level 10 in Long Blades
  4431 | D:6      | Reached XP level 8. HP: 5/59 MP: 1/8
  4633 | D:6      | Reached skill level 11 in Long Blades
  5087 | D:6      | Found a staircase to the Ecumenical Temple.
  5112 | D:6      | Identified the +10 hand axe of Loys {vamp, Int+6}
  5125 | Temple   | Entered the Ecumenical Temple
  5468 | Temple   | Became a worshipper of Warmaster Okawaru
  5602 | D:5      | Reached skill level 1 in Axes
  6340 | D:7      | Reached skill level 12 in Long Blades
  6373 | D:7      | Reached XP level 9. HP: 32/64 MP: 4/9
  6579 | D:7      | Reached skill level 13 in Long Blades
  6734 | D:7      | Reached * piety under Okawaru
  7637 | D:8      | Noticed a two-headed ogre
  7712 | D:8      | Reached skill level 14 in Long Blades
  7749 | D:8      | Noticed a troll
  7749 | D:8      | a two-headed ogre changed into a troll
  7750 | D:8      | Slain by a troll

Illustrated notes

Levels and vault maps discovered:
D:1:      ncdulo_halloftheorcs, layout_loops_ring, serial_shops, shop,
          chequers_ecumenical_altar_simple, st_stairs_14
D:2:      minmay_diamond_boxcup, layout_basic
D:3:      minmay_roachtagon, layout_rooms, minmay_misc_feat_roman,
          grunt_decor_clamped, grunt_ministairs_11, uniq_terence, uniq_ijyb
D:4:      layout_basic, serial_bayou_pond_b
D:5:      layout_loops_ring, mainiacjoe_overflow_boulevard, serial_shops,
          shop_fountains, gammafunk_ghost_gnarly_gnolls, chequers_arboretum
D:6:      layout_loops_ring, minmay_temple_entry_glass
D:7:      layout_basic
D:8:      layout_rooms, special_room [special_room_kobold]
Temple:   mainiacjoe_temple_cubbyholes

Skill      XL: |  1  2  3  4  5  6  7  8  9 |
---------------+----------------------------+-----
Long Blades    | 3 4 5 6 7 9 10 12 14 | 14.0
Axes           | 4 |  4.0
Fighting       | 4 |  4.4
Armour         | |  3.6
Shields        | |  3.2

Action                   |  1- 3 |  4- 6 |  7- 9 || total
-------------------------+-------+-------+-------++-------
Melee: Long sword        |    98 |    36 |       ||   134
       Dagger            |       |   348 |   201 ||   549
       Hand axe          |       |       |   168 ||   168
 Abil: Hop               |       |       |     1 ||     1
Evoke: Wand              |       |       |     1 ||     1
  Use: Potion            |       |       |     1 ||     1
 Stab: Distracted        |       |     1 |       ||     1
Armor: Scale mail        |    63 |    43 |       ||   106
       Ring mail         |       |    49 |   147 ||   196
Dodge: Dodged            |    43 |   100 |   127 ||   270
Block: Buckler           |    23 |    53 |    86 ||   162
